 Dungeon Crawl Stone Soup version 0.28-a0-863-g8cecda6153 (webtiles) character file.

Game seed: 796350399369835250

142 bande the Covered (level 5, 0/33 HPs)
             Began as a Gargoyle Fighter on Nov 16, 2021.
             Slain by a bullfrog (7 damage)
             ... in a sewer.
             The game lasted 00:04:30 (2566 turns).

bande the Covered (Gargoyle Fighter)                Turns: 2566, Time: 00:04:31

Health: 0/33       AC: 11    Str: 21    XL:     5   Next: 24%
Magic:  5/5        EV:  9    Int:  8    God:
Gold:   52         SH:  4    Dex:  9    Spells: 4/4 levels left

rFire   . . .      SeeInvis +   a - +1 war axe
rCold   . . .      Faith    .   c - +0 buckler
rNeg    + . .      Spirit   .   b - +0 scale mail
rPois   ∞          Reflect  .   (no helmet)
rElec   +          Harm     .   (no cloak)
rCorr   .          Rampage  .   (no gloves)
Will    .....                   (no boots)
Stlth   ..........              (no amulet)
HPRegen 0.11/turn               h - ring of see invisible
MPRegen 0.09/turn               (no ring)

@: very slow
A: sickness immunity, AC +4, negative energy resistance 1, electricity
resistance, torment resistance 1, petrification resistance
a: no special abilities


You were in a sewer.
You visited 1 branch of the dungeon, and saw 3 of its levels.
You also visited: Sewer.

You collected 52 gold pieces.

Inventory:

Hand Weapons
 a - a +1 war axe (weapon)
Armour
 b - a +0 scale mail (worn)
 c - a +0 buckler (worn)
Jewellery
 h - a ring of see invisible (left hand)
Scrolls
 g - a scroll of teleportation
Potions
 d - a potion of might
 e - a potion of flight
 f - a potion of degeneration {unknown}
 i - a potion of heal wounds {unknown}


   Skills:
 + Level 3.8 Fighting
 + Level 3.4 Axes
 + Level 4.2 Armour
 - Level 0.2 Dodging
 + Level 3.9 Shields


You had 4 spell levels left.
You didn't know any spells.
Your spell library contained the following spells:

 Spells                   Type           Power      Damage    Failure   Level
 Slow                     Hex            0%         N/A       75%         1
 Confusing Touch          Hex            0%         N/A       98%         3
 Vampiric Draining        Necr           0%         2d6       98%         3


Dungeon Overview and Level Annotations

Branches:
Dungeon (3/15)              Sewer (1/1)

Altars:


Innate Abilities, Weirdness & Mutations

You are immune to sickness and miasma.
Your stone body is resilient. (AC +4)
You are immune to poison.
You resist negative energy. (rN+)
You are resistant to electric shocks. (rElec)
You are resistant to unholy torment.
You are immune to petrification.


Message History

Your unstable footing causes you to fumble your attack.
The giant cockroach barely misses you. The bullfrog hits you.
The quokka bites you but does no damage.
You slash the bullfrog!
The bullfrog is severely wounded.
You hit the endoplasm. You hit the giant cockroach.
You kill the giant cockroach!
You hit the quokka. You barely miss the bullfrog. The bullfrog hits you.
The bullfrog hits you but does no damage.
The bullfrog hits you. You block the endoplasm's attack.
The quokka closely misses you. The bullfrog hits you.
Your unstable footing causes you to fumble your attack.
The bullfrog hits you but does no damage.
The bullfrog closely misses you. The quokka closely misses you.
The endoplasm freezes you.
You are frozen.
The bullfrog hits you but does no damage.
The bullfrog barely misses you. The quokka barely misses you.
The endoplasm freezes you.
You are frozen.
Your unstable footing causes you to fumble your attack.
The bullfrog closely misses you. The bullfrog misses you.
The quokka bites you but does no damage.
The bullfrog hits you but does no damage.
You block the endoplasm's attack. The bullfrog misses you.
Unknown command.
You miss the bullfrog.
Your scale mail prevents you from hitting the bullfrog.
You hit the endoplasm. You closely miss the quokka.
The bullfrog hits you but does no damage.
The quokka bites you but does no damage.
The bullfrog hits you but does no damage. x2
The endoplasm freezes you.
You are frozen.
The quokka bites you but does no damage.
The bullfrog hits you.
* * * LOW HITPOINT WARNING * * *
Your unstable footing causes you to fumble your attack.
The bullfrog hits you!
You die...

#≈≈≈###..≈###≈≈≈≈#
##≈.##≈≈≈≈≈≈≈##≈≈.#
##≈≈##≈≈≈≈≈≈≈≈≈##≈≈##
#.≈≈≈≈≈†.≈≈≈†≈≈.#≈≈≈#
#...≈.#######≈≈≈##≈≈#
#######≈###≈.≈≈≈##†≈≈#≈≈##
#≈≈≈≈≈###≈.≈.≈≈≈≈##≈≈#.≈≈#
#≈.≈≈≈#..≈†.F≈.≈.≈#≈≈##≈≈#
#≈≈≈≈≈#..##@F.).≈≈##≈.#≈≈#
#..#≈≈#≈.#J≈r)?[.≈≈#≈≈#≈≈#
#††#..#.≈#.J.≈....≈#≈≈#≈≈#
#≈.#≈##≈≈#≈≈≈≈.$≈≈≈#≈≈#≈≈#
#††#≈#≈≈.#≈≈≈≈..≈≈≈#≈.#≈≈#
#≈≈#†#∩≈≈#≈.≈≈≈≈≈≈≈#.≈#≈≈#
#≈≈#≈#≈≈≈##≈≈≈≈≈≈≈##†.#≈.#
#≈≈#≈###.†#≈≈≈≈≈≈≈#≈.##≈≈#
#.÷#††≈#≈≈## ##≈≈#≈≈≈#


You could see 2 bullfrogs, 2 endoplasms and a quokka.

Vanquished Creatures
  3 adders
  16 ball pythons
  5 bats
  12 endoplasms
  16 giant cockroaches
  4 goblins
  2 hobgoblins (D:1)
  7 kobolds
  16 quokkas
  12 frilled lizards
  8 rats
101 creatures vanquished.

Notes
Turn   | Place    | Note
-------+----------+-------------------------------------------
     0 | D:1      | bande the Gargoyle Fighter began the quest for the Orb.
     0 | D:1      | Reached XP level 1. HP: 14/14 MP: 1/1
    73 | D:1      | Reached XP level 2. HP: 15/19 MP: 2/2
   828 | D:1      | Reached XP level 3. HP: 23/23 MP: 3/3
  1188 | D:2      | Reached XP level 4. HP: 29/29 MP: 4/4
  1695 | D:3      | Found a glowing drain.
  1715 | Sewer    | Entered a sewer
  1722 | Sewer    | Reached skill level 4 in Armour
  2401 | Sewer    | Reached XP level 5. HP: 30/33 MP: 5/5
  2566 | Sewer    | Slain by a bullfrog

Illustrated notes

Levels and vault maps discovered:
D:1:      ncdulo_lavacross, layout_loops_ring
D:2:      layout_basic
D:3:      layout_loops_ring, gup_sewer_entry_pipe, uniq_natasha
Sewer:    sewer_frog_island_02

Skill      XL: |  1  2  3  4 |
---------------+-------------+-----
Axes           | 2 3 |  3.4
Armour         | 4 |  4.2
Fighting       | |  3.8
Dodging        | |  0.2
Shields        | |  3.9

Action                   |  1- 3 |  4- 6 || total
-------------------------+-------+-------++-------
Melee: War axe           |    93 |   193 ||   286
  Use: Scroll            |     4 |     1 ||     5
Armor: Scale mail        |    48 |   120 ||   168
Dodge: Dodged            |    45 |    99 ||   144
Block: Buckler           |    28 |    45 ||    73

Table legend: (Time is in decaauts)
 A = Elapsed time spent in this place.
 B = Non-inter-level travel time spent in this place.
 C = Inter-level travel time spent in this place.
 D = Time resting spent in this place.
 E = Time spent auto-exploring this place.
 F = Levels seen in this place.
 G = Mean time per level.
                   A        B        C        D        E       F      G
               +--------+--------+--------+--------+--------+-----+--------+
         Total |   2734 |   2721 |     13 |      0 |   2002 |   4 |  683.5 |
       Dungeon |   1770 |   1757 |     13 |      0 |   1356 |   3 |  590.0 |
         Sewer |    964 |    964 |      0 |      0 |    646 |   1 |  964.0 |
               +--------+--------+--------+--------+--------+-----+--------+

Top non-repeatable levels by time:
   Sewer: 964 daAuts
     D:1: 862 daAuts
     D:2: 810 daAuts
     D:3: 97 daAuts
